 Dungeon Crawl Stone Soup version 0.21.1-1-g345015f (webtiles) character file.

109 Fang the Skirmisher (level 4, -3/29 HPs)
             Began as a Gargoyle Berserker on May 16, 2018.
             Was a Believer of Trog.
             Killed from afar by an orc wizard (7 damage)
             ... with a magic dart
             ... on level 4 of the Dungeon.
             The game lasted 00:00:48 (829 turns).

Fang the Skirmisher (Gargoyle Berserker)             Turns: 829, Time: 00:00:49

Health: -3/29      AC:  5    Str: 22    XL:     4   Next: 90%
Magic:  4/4        EV: 12    Int:  7    God:    Trog [**....]
Gold:   39         SH:  0    Dex:  9    Spells: 3/3 levels left

rFire    . . .     SeeInvis .   a - +0 hand axe
rCold    . . .     Gourm    .   (no shield)
rNeg     + . .     Faith    .   b - +0 animal skin
rPois    ∞         Spirit   .   (no helmet)
rElec    +         Reflect  .   (no cloak)
rCorr    .         Harm     .   (no gloves)
MR       .....                  (no boots)
Stlth    +.........             (no amulet)
HPRegen  0.09/turn              j - ring of flight
MPRegen  0.09/turn              (no ring)

@: berserk cooldown, slowed, very slow
A: negative energy resistance 1, electricity resistance, unbreathing,
petrification resistance, rot immunity, AC +3
a: Berserk, Trog's Hand, Burn Spellbooks, Renounce Religion, Evoke Flight


You were on level 4 of the Dungeon.
You worshipped Trog.
Trog was pleased with you.
You were hungry.

You visited 1 branch of the dungeon, and saw 3 of its levels.

You collected 39 gold pieces.

Inventory:

Hand Weapons
 a - a +0 hand axe (weapon)
Armour
 b - a +0 animal skin (worn)
Jewellery
 j - a ring of flight (left hand)
Scrolls
 f - a scroll of immolation {unknown}
 h - a scroll of enchant weapon {unknown}
 i - a scroll of identify {unknown}
 k - a scroll of enchant armour {unknown}
 l - a scroll of fear {unknown}
Potions
 d - 2 potions of haste {unknown}
 e - 2 potions of flight {unknown}
 g - 2 potions of mutation {unknown}
Comestibles
 c - 2 rations


   Skills:
 + Level 4.2 Fighting
 + Level 3.7 Axes
 + Level 2.5 Armour
 + Level 2.2 Dodging
 + Level 0.8 Stealth


You had 3 spell levels left.
You didn't know any spells.

Dungeon Overview and Level Annotations

Branches:
Dungeon (2/15)

Altars:
Dithmenos
Hepliaklqana
Sif Muna


Innate Abilities, Weirdness & Mutations

You are resistant to torment.
Your stone body is resilient. (AC +3)
You are immune to poison.
You resist negative energy. (rN+)
You are resistant to electric shocks. (rElec)
You can survive without breathing.
You are immune to petrification.
You are immune to rotting.


Message History

You feel yourself slow down.
The orc wizard hits you but does no damage.
An orc wizard comes into view. It is wielding a dagger.
You hit the orc wizard.
You kill the orc wizard!
Trog accepts your kill.
Trog appreciates your killing of a magic user.
Unknown command.
The orc wizard casts a spell at you. The magic dart hits you!
* * * LOW HITPOINT WARNING * * *
The orc wizard casts a spell at you. You resist with some effort.
Found a shadowy altar of Dithmenos.
The orc wizard casts a spell.
The orc wizard blinks!
There is a stone staircase leading down here.
The orc wizard gestures at you while chanting.
The magic dart hits you!
You die...

#...........##
#...)..........
#........####.#
#........# ....
#........#.....
#.......)#.....
#....o......._.
#........#.....
#######@.#.....
#..# .... #..#
#.# #... ..
#.... #.....
##..... #.....


You could see an orc wizard.

Vanquished Creatures
  An orc wizard (D:4)
  An iguana (D:4)
  A worker ant (D:4)
  A dart slug (D:1)
  2 leopard geckos (D:2)
  2 orcs (D:4)
  2 bats (D:1)
  A giant cockroach (D:1)
  3 goblins
  2 hobgoblins (D:1)
  A quokka (D:2)
  5 frilled lizards
  A kobold (D:1)
  6 rats
29 creatures vanquished.

Notes
Turn   | Place    | Note
-------+----------+-------------------------------------------
     0 | D:1      | Fang the Gargoyle Berserker began the quest for the Orb.
     0 | D:1      | Reached XP level 1. HP: 14/14 MP: 1/1
    98 | D:1      | Reached XP level 2. HP: 19/20 MP: 2/2
   762 | D:2      | Reached XP level 3. HP: 18/24 MP: 3/3
   769 | D:2      | Reached ** piety under Trog
   787 | D:2      | Found a hazy altar of Hepliaklqana.
   787 | D:2      | Found a deep blue altar of Sif Muna.
   800 | D:2      | You fall through a shaft for 2 floors!
   813 | D:4      | Reached skill level 4 in Fighting
   813 | D:4      | Reached XP level 4. HP: 9/29 MP: 4/4
   825 | D:4      | Found a shadowy altar of Dithmenos.
   829 | D:4      | Killed from afar by an orc wizard

Skill      XL: |  1  2  3 |
---------------+----------+-----
Axes           | 3 |  3.7
Dodging        | 2 |  2.2
Fighting       | 4 |  4.2
Armour         | |  2.5
Stealth        | |  0.8

Action                   |  1- 3 |  4- 6 || total
-------------------------+-------+-------++-------
Melee: Hand axe          |    66 |     6 ||    72
Invok: Berserk           |     1 |       ||     1
Armor: Animal skin       |    11 |     2 ||    13
Dodge: Dodged            |    38 |     1 ||    39
